[Event "Landsturneringen 2023"]
[Site "Vallhall, Oslo"]
[Date "2023.07.06"]
[Round "7"]
[White "Unneland, Mathias"]
[Black "Nettleton, Charlie"]
[Result "1/2-1/2"]
[WhiteTitle "FM"]
[WhiteElo "2158"]
[BlackElo "2090"]
[TimeControl "40/5400+30:1800+30"]
[BlackFideId "419710"]
[WhiteFideId "1525581"]

1. Nf3 g6 2. g3 Bg7 3. d4 c5 4. d5 d6 5. Bg2 Nf6 6. c4 Qa5+ 7. Nfd2 b5 8.
cxb5 a6 9. bxa6 Bxa6 10. O-O Nbd7 11. Nc3 O-O 12. Qc2 Rfc8 13. b3 c4 14.
Bb2 Rab8 15. h3 Nc5 16. Rfc1 Nfd7 17. Bf1 Qb6 18. Rab1 cxb3 19. axb3 Nxb3
20. Nxb3 Qxb3 21. Qxb3 Rxb3 22. Nd1 Rxc1 23. Rxc1 Rxb2 24. Nxb2 Bxb2 25.
Rc7 Nf6 26. Rxe7 Nxd5 27. Rd7 Be5 28. e4 Bxf1 29. Kxf1 Nf6 30. Rd8+ Kg7 31.
f4 Bb2 32. Rxd6 Nxe4 33. Rd3 h5 34. Kg2 f5 35. Kf3 Nf6 36. Rb3 Bc1 37. Rb7+
Kh6 38. Rb6 Kg7 39. Rb7+ Kh6 40. Rb6 Kg7 1/2-1/2

[Event "Landsturneringen 2023"]
[Site "Vallhall, Oslo"]
[Date "2023.07.06"]
[Round "7"]
[White "Kolås, Tore"]
[Black "Aulin-Jansson, Jøran"]
[Result "1/2-1/2"]
[BlackTitle "FM"]
[WhiteElo "2141"]
[BlackElo "2140"]
[TimeControl "40/5400+30:1800+30"]
[BlackFideId "1500279"]
[WhiteFideId "1502050"]

1. e4 e6 2. d4 d5 3. Nc3 Bb4 4. e5 c5 5. a3 Bxc3+ 6. bxc3 Qc7 7. h4 Ne7 8.
Rh3 b6 9. h5 h6 10. a4 Ba6 11. Bb5+ Bxb5 12. axb5 a5 13. bxa6 Rxa6 14. Rxa6
Nxa6 15. Qe2 Nb8 16. f4 O-O 17. g4 cxd4 18. cxd4 Qc4 19. Qxc4 dxc4 20. Ba3
Nbc6 21. Bxe7 Nxe7 22. Ra3 Nd5 23. Ne2 b5 24. c3 Ne3 25. Kf2 Nd5 26. Kf3
Rb8 27. Ke4 b4 28. cxb4 Rxb4 29. Nc3 Nb6 30. d5 Rb3 31. Rxb3 exd5+ 32. Nxd5
cxb3 33. Nc3 Kf8 34. Kd3 Ke7 35. Ne2 b2 36. Kc2 Nc4 37. Ng3 Ne3+ 38. Kxb2
Nxg4 39. Kc3 g6 1/2-1/2

[Event "Landsturneringen 2023"]
[Site "Vallhall, Oslo"]
[Date "2023.07.06"]
[Round "7"]
[White "Manne, Per Erik"]
[Black "Røyset, Pål Nikolai"]
[Result "1/2-1/2"]
[WhiteTitle "FM"]
[BlackTitle "CM"]
[WhiteElo "2197"]
[BlackElo "2165"]
[TimeControl "40/5400+30:1800+30"]
[BlackFideId "1501330"]
[WhiteFideId "1502867"]

1. d4 Nf6 2. c4 e6 3. Nf3 d5 4. g3 b6 5. cxd5 exd5 6. Bg2 Bb4+ 7. Nc3 O-O
8. O-O Re8 9. Bg5 Bxc3 10. bxc3 Nbd7 11. Re1 Bb7 12. Qd3 h6 13. Bxf6 Nxf6
14. Ne5 c5 15. Rad1 Rc8 16. Qf5 Qe7 17. Nd3 c4 18. Nf4 g6 19. Qc2 g5 20.
Nh3 Bc6 21. f3 Qd7 22. Rb1 Re3 23. Nf2 Rce8 24. Qd2 Qf5 25. Ne4 dxe4 26.
Qxe3 exf3 27. Qf2 Ng4 28. Bh3 Qxb1 29. Bxg4 Qxe1+ 30. Qxe1 Rxe2 31. Qxe2
fxe2 32. Bxe2 Bd5 33. Kf2 f5 34. Ke3 Kf7 35. Bd1 Be4 36. Ba4 Ke6 37. Bb5
Bd3 38. Ba6 Kd6 39. Bb5 Kd5 40. Be8 a6 41. Bd7 Kd6 42. Bc8 a5 43. Bb7 b5
44. a3 Kc7 45. Bd5 Kb6 46. Be6 Bc2 47. Bd7 Bb1 48. Be8 Bc2 49. Bd7 Bd3 50.
Be8 Bf1 51. Bg6 Bh3 52. Be8 Bg4 53. Bf7 Bh3 54. Be8 Bg4 1/2-1/2

[Event "Landsturneringen 2023"]
[Site "Vallhall, Oslo"]
[Date "2023.07.06"]
[Round "7"]
[White "Engelsen, Teodor Tenfjord"]
[Black "Machlik, Monika"]
[Result "1-0"]
[WhiteElo "1977"]
[BlackElo "2119"]
[TimeControl "40/5400+30:1800+30"]
[BlackFideId "1513621"]
[WhiteFideId "45188521"]

1. d4 d5 2. c4 e6 3. Nc3 Nf6 4. cxd5 exd5 5. Bg5 c6 6. e3 Be7 7. Qc2 Nbd7
8. Bd3 O-O 9. Nge2 Re8 10. O-O Nf8 11. Rad1 g6 12. f3 Ne6 13. Bh4 Nh5 14.
Bf2 Bh4 15. g3 Bf6 16. h4 Nhg7 17. Rfe1 Nc7 18. e4 dxe4 19. Nxe4 Be7 20.
N2c3 Nd5 21. Nxd5 cxd5 22. Nc3 Be6 23. Qb3 Rb8 24. Kg2 a6 25. a4 Qd7 26.
Re2 Red8 27. Rc2 Bf6 28. Rdc1 Nf5 29. Ne2 Qe8 30. Rc7 Bd7 31. a5 Ba4 32.
Qb6 Rd6 33. Qb4 Re6 34. Nf4 Ne3+ 35. Bxe3 Rxe3 36. Nxd5 Bd8 37. Nxe3 Bxc7
38. Nd5 Bd8 39. Re1 Qd7 40. Nc3 Bc6 41. d5 Bf6 42. Qf4 Qd8 43. dxc6 bxc6
44. Ne4 Be7 45. Bc4 Rxb2+ 46. Re2 Rxe2+ 47. Bxe2 Qxa5 48. Bc4 Qf5 49. Qxf5
gxf5 50. Nd2 f4 51. Bxa6 1-0

[Event "Landsturneringen 2023"]
[Site "Vallhall, Oslo"]
[Date "2023.07.07"]
[Round "8"]
[White "Martinsen, Stig K"]
[Black "Grave, Jacob Templen"]
[Result "0-1"]
[BlackTitle "CM"]
[WhiteElo "2172"]
[BlackElo "2255"]
[TimeControl "40/5400+30:1800+30"]
[BlackFideId "1542656"]
[WhiteFideId "1502824"]

1. e4 c6 2. d4 d5 3. e5 Bf5 4. Nf3 e6 5. Be2 Nd7 6. O-O h6 7. c3 Qc7 8. a4
a5 9. Na3 Ne7 10. Nc2 c5 11. Na3 Nc6 12. Nb5 Qd8 13. Be3 Be7 14. dxc5 Nxc5
15. Nfd4 Bh7 16. Nd6+ Bxd6 17. exd6 Ne4 18. Nb5 O-O 19. Qb3 Rc8 20. Qa3 Ne5
21. f3 Nf6 22. b3 Bd3 23. Bxd3 Nxd3 24. Rfd1 Ne5 25. Rac1 Nh5 26. Qa2 Qf6
27. Bd4 Qg5 28. Kh1 Nd3 29. Ra1 Ndf4 30. Qd2 e5 31. Be3 Qg6 32. Bxf4 Nxf4
33. g3 Nh3 34. Kg2 Nf4+ 35. Kf1 Ne6 36. Qxd5 Rc5 37. Qd3 f5 38. Ra2 e4 39.
Qe3 Qh5 40. Rf2 Re5 41. d7 f4 42. gxf4 Ref5 43. Nd4 Rd5 44. Rdd2 Qh3+ 45.
Ke1 Nxf4 46. Qxe4 Qxd7 47. Kd1 Qf7 48. Kc1 Re8 49. Qc2 Re3 50. Kb2 Qf6 51.
Ka2 Rd8 52. Nb5 Rdd3 53. Rxd3 Nxd3 54. Qd2 Qe5 55. Rg2 Rxf3 56. Nd4 Re3 57.
Nc2 Rh3 58. Nd4 Nf4 59. Rf2 Re3 60. Rf3 Re4 61. Rf2 Nd5 62. Kb2 Nxc3 63.
Qxc3 Qxd4 64. Qxd4 Rxd4 65. Rf5 b6 66. Rb5 Rd6 67. h4 g6 68. b4 axb4 69.
Rxb4 Kg7 70. Kc3 g5 71. hxg5 hxg5 72. a5 bxa5 73. Rb5 Kg6 74. Rxa5 Kh5 75.
Ra1 g4 76. Rh1+ Kg5 77. Rg1 Kf4 0-1

[Event "Landsturneringen 2023"]
[Site "Vallhall, Oslo"]
[Date "2023.07.07"]
[Round "8"]
[White "Roulet-Dubonnet, Emerik Våpenstad"]
[Black "Hølleland, Sigve"]
[Result "0-1"]
[WhiteTitle "FM"]
[WhiteElo "2197"]
[BlackElo "2154"]
[TimeControl "40/5400+30:1800+30"]
[BlackFideId "1513672"]
[WhiteFideId "1539477"]

1. d4 Nf6 2. c4 e6 3. g3 c5 4. d5 exd5 5. cxd5 d6 6. Nc3 g6 7. Bg2 Bg7 8.
Nf3 a6 9. a4 O-O 10. O-O Re8 11. Bf4 Ne4 12. Nxe4 Rxe4 13. Nd2 Rb4 14. b3
g5 15. Be3 Bf5 16. Ra2 Nd7 17. Nc4 Nb6 18. Na3 Qf6 19. a5 Nd7 20. Bd2 Rd4
21. Qc1 Re8 22. Bxg5 Qg6 23. Nc4 Be4 24. Bf4 Bxg2 25. Kxg2 Rxd5 26. Rd1 Re6
27. Rxd5 Qe4+ 28. f3 Qxd5 29. Rd2 Qc6 30. Nxd6 Bd4 31. Nf5 Qb5 32. Qc4 Qxa5
33. Nxd4 cxd4 34. Qxd4 Nf8 35. Bd6 Qb5 36. Kf2 Nd7 37. Bb4 Nf6 38. Bc3 Qxb3
39. Qg4+ Nxg4+ 0-1

[Event "Landsturneringen 2023"]
[Site "Vallhall, Oslo"]
[Date "2023.07.07"]
[Round "8"]
[White "Dahl, Max"]
[Black "Tryggestad, Andreas G"]
[Result "0-1"]
[BlackTitle "FM"]
[WhiteElo "2169"]
[BlackElo "2200"]
[TimeControl "40/5400+30:1800+30"]
[BlackFideId "1513338"]
[WhiteFideId "1526626"]

1. Nf3 f5 2. c4 Nf6 3. Nc3 e6 4. g3 b6 5. Bg2 Bb7 6. O-O Be7 7. d3 O-O 8.
e4 fxe4 9. Ng5 Nc6 10. Ngxe4 Nxe4 11. Bxe4 Bf6 12. Be3 Bxc3 13. bxc3 Na5
14. Qg4 Bxe4 15. Qxe4 Qf6 16. Rac1 Nc6 17. Bf4 e5 18. Be3 Qf3 19. Qxf3 Rxf3
20. Kg2 Rf5 21. f3 Re8 22. Rcd1 d6 23. Rf2 Kf8 24. Kf1 Ke7 25. Ke2 Kd7 26.
Rg1 Nd8 27. Rgf1 Ne6 28. Kd2 Kc6 29. Rb1 Rh5 30. Rg1 Rf8 31. Ke2 Rhf5 32.
Rgf1 h6 33. Rg1 a6 34. Ra1 h5 35. a4 g5 36. a5 b5 37. cxb5+ Kxb5 38. Rb1+
Kc6 39. c4 Nd4+ 40. Bxd4 exd4 41. Ra1 Re5+ 42. Kd2 Rff5 43. f4 Rxa5 44.
Rxa5 Rxa5 45. fxg5 Rxg5 46. Kc2 Rg4 47. Rf3 h4 48. gxh4 Rxh4 49. h3 Kb6 50.
Kb3 c5 51. Rg3 Rf4 52. Ka4 Rf2 53. Kb3 Rh2 54. Rf3 Kc6 55. Rg3 Re2 56. h4
Re3 57. Rg8 Rxd3+ 58. Kb2 Rh3 59. Ra8 Kb6 60. Rd8 Ka5 61. Rxd6 Kb4 62. Rxa6
Rxh4 63. Kc2 Kxc4 64. Ra4+ Kd5 65. Ra5 Rh2+ 66. Kd3 Rh3+ 67. Kd2 Kc4 68.
Ra4+ Kb5 69. Ra8 Kb4 70. Kc2 Ra3 71. Rb8+ Kc4 72. Kb2 Rh3 73. Rg8 Rh2+ 74.
Kc1 Kc3 75. Rg3+ d3 76. Rg1 c4 77. Rf1 Re2 78. Rh1 d2+ 79. Kd1 Re1+ 80.
Rxe1 dxe1=R+ 0-1

[Event "Landsturneringen 2023"]
[Site "Vallhall, Oslo"]
[Date "2023.07.07"]
[Round "8"]
[White "Myagmarsuren, Evsuld"]
[Black "Brattgjerd, Isak Vinh"]
[Result "1-0"]
[WhiteElo "2184"]
[BlackElo "2185"]
[TimeControl "40/5400+30:1800+30"]
[BlackFideId "1549880"]
[WhiteFideId "1551639"]

1. e4 c6 2. c4 d5 3. exd5 cxd5 4. cxd5 Nf6 5. Nc3 Nxd5 6. Nf3 Nc6 7. d4 a6
8. Bd3 Bg4 9. O-O e6 10. Be3 Be7 11. a3 O-O 12. Be2 Bf5 13. Qd2 Na5 14. Qd1
Rc8 15. Bd2 Nc4 16. Bxc4 Rxc4 17. Qb3 b5 18. Ne5 Nxc3 19. Bxc3 Rc8 20. Rfe1
Qc7 21. Rad1 Rfd8 22. d5 exd5 23. Nxf7 Kxf7 24. Rxd5 Rxd5 25. Qxd5+ Kg6 26.
g4 Rf8 27. Re6+ Kg5 28. gxf5 Qc4 29. Bd2+ Kh5 30. Qxc4 bxc4 31. Rxe7 Kg4
32. Rxg7+ Kxf5 33. Rxh7 Ke4 34. Rh3 Rf6 35. Re3+ Kd5 36. Re5+ Kc6 37. h4
Rd6 38. Be3 Rg6+ 39. Rg5 Rd6 40. h5 Rd7 41. h6 Rh7 42. Rg7 Rh8 43. h7 Kd5
44. Bd2 1-0

[Event "Landsturneringen 2023"]
[Site "Vallhall, Oslo"]
[Date "2023.07.07"]
[Round "8"]
[White "Gomez Aguirre, Juan Alberto"]
[Black "Hole, Øystein"]
[Result "1/2-1/2"]
[WhiteTitle "CM"]
[BlackTitle "IM"]
[WhiteElo "2157"]
[BlackElo "2267"]
[TimeControl "40/5400+30:1800+30"]
[BlackFideId "1501526"]
[WhiteFideId "54587867"]

1. d4 d5 2. c4 c6 3. cxd5 cxd5 4. Bf4 Nf6 5. e3 Nc6 6. Nc3 e6 7. Bd3 a6 8.
Nf3 Bd6 9. Bxd6 Qxd6 10. O-O O-O 11. a3 b5 12. b4 Bb7 13. Qd2 Rac8 14. Rac1
Rfd8 15. Rfd1 g6 16. Ne2 1/2-1/2

[Event "Landsturneringen 2023"]
[Site "Vallhall, Oslo"]
[Date "2023.07.07"]
[Round "8"]
[White "Lindbøl, Aleksander"]
[Black "Johnson, Daniel"]
[Result "1/2-1/2"]
[WhiteElo "2234"]
[BlackElo "2224"]
[TimeControl "40/5400+30:1800+30"]
[BlackFideId "1721283"]
[WhiteFideId "1520644"]

1. c4 e6 2. Nf3 d5 3. g3 Nf6 4. Bg2 Be7 5. O-O O-O 6. b3 b6 7. Bb2 Bb7 8.
cxd5 Nxd5 9. d4 c5 10. Re1 cxd4 11. Nxd4 Nc6 12. e4 Ndb4 13. Nxc6 Bxc6 14.
Qe2 Qd3 15. Qg4 g6 16. Na3 Qa6 17. Bf1 Qb7 18. h4 Rad8 19. Qf4 f6 20. Qg4
e5 21. Qe6+ Kg7 22. Rad1 Bc5 23. Rxd8 Rxd8 24. Bxe5 Qf7 25. Qxf7+ Kxf7 26.
Bc4+ Ke7 27. Bf4 Nd3 28. Bxd3 Rxd3 29. Nc4 Bb4 30. Re2 Rd1+ 31. Kg2 b5 32.
Nb2 Ra1 33. Nd3 Bc3 34. f3 b4 35. e5 Bb5 36. exf6+ Kxf6 37. Bg5+ Kf7 38.
Re7+ Kf8 39. Nf4 Rxa2+ 40. Kh1 Ra1+ 41. Kh2 Ra2+ 42. Kh1 Ra1+ 1/2-1/2

[Event "Landsturneringen 2023"]
[Site "Vallhall, Oslo"]
[Date "2023.07.07"]
[Round "8"]
[White "Blauhut, Holger"]
[Black "Unneland, Mathias"]
[Result "0-1"]
[WhiteTitle "CM"]
[BlackTitle "FM"]
[WhiteElo "2054"]
[BlackElo "2158"]
[TimeControl "40/5400+30:1800+30"]
[BlackFideId "1525581"]
[WhiteFideId "24665177"]

1. e4 c6 2. d4 d5 3. e5 Bf5 4. h4 h5 5. c4 e6 6. Nc3 dxc4 7. Bxc4 Nd7 8.
Nge2 Be7 9. Ng3 Bg6 10. Nge4 Nh6 11. Bxh6 Rxh6 12. g3 Qb6 13. Bb3 O-O-O 14.
f4 Bxe4 15. Nxe4 Nb8 16. Nc3 Rxd4 17. Qe2 g6 18. Rd1 Bb4 19. Kf1 Bxc3 20.
bxc3 Rxd1+ 21. Qxd1 Rh8 22. Rh2 Qe3 23. Qe1 Qf3+ 24. Kg1 Rd8 25. Bc2 Na6
26. Re2 Nc5 27. Kh2 Nd3 0-1

[Event "Landsturneringen 2023"]
[Site "Vallhall, Oslo"]
[Date "2023.07.07"]
[Round "8"]
[White "Røyset, Pål Nikolai"]
[Black "Skotheim, Andreas"]
[Result "1-0"]
[WhiteTitle "CM"]
[BlackTitle "CM"]
[WhiteElo "2165"]
[BlackElo "2241"]
[TimeControl "40/5400+30:1800+30"]
[BlackFideId "1518526"]
[WhiteFideId "1501330"]

1. c4 b6 2. Nc3 Bb7 3. d4 Nf6 4. Nf3 Ne4 5. Nxe4 Bxe4 6. Ng5 Bb7 7. d5 h6
8. Ne4 e6 9. a3 d6 10. e3 Nd7 11. Nc3 e5 12. h4 Be7 13. h5 Nf6 14. Be2 Qd7
15. e4 O-O 16. Be3 Bc8 17. f3 Nh7 18. Bd3 Bg5 19. Bf2 Qe7 20. Qc2 Bd7 21.
b4 a5 22. Rb1 axb4 23. axb4 Ra3 24. c5 bxc5 25. bxc5 Rfa8 26. c6 Bc8 27.
Ke2 g6 28. hxg6 fxg6 29. Rb7 Nf6 30. Bc4 Bxb7 31. cxb7 Rb8 32. Rb1 Nd7 33.
Nb5 Ra5 34. Na7 Qf8 35. Nc6 Ra3 36. Nxb8 Nxb8 37. Qb2 Ra5 38. Qb4 Rc5 39.
Bxc5 dxc5 40. d6+ Kh8 41. dxc7 cxb4 42. c8=Q 1-0

[Event "Landsturneringen 2023"]
[Site "Vallhall, Oslo"]
[Date "2023.07.07"]
[Round "8"]
[White "Nettleton, Charlie"]
[Black "Aulin-Jansson, Jøran"]
[Result "1-0"]
[BlackTitle "FM"]
[WhiteElo "2090"]
[BlackElo "2140"]
[TimeControl "40/5400+30:1800+30"]
[BlackFideId "1500279"]
[WhiteFideId "419710"]

1. d4 c5 2. d5 e5 3. e4 a6 4. a4 d6 5. Bd3 Be7 6. Ne2 Bg5 7. Bxg5 Qxg5 8.
Na3 Qe7 9. Nc4 Nd7 10. Ng3 g6 11. a5 h5 12. h4 Nh6 13. Qd2 Qf6 14. Qg5 Ke7
15. Ra3 Qxg5 16. hxg5 Ng8 17. Rb3 f6 18. gxf6+ Ngxf6 19. Nf1 Ne8 20. Nfe3
Kd8 21. g3 g5 22. Nf5 Kc7 23. Ke2 Rb8 24. f3 b5 25. axb6+ Nxb6 26. Nfe3 Nd7
27. Ra3 Nf8 28. Nf5 Bxf5 29. exf5 Ra8 30. Nd2 Nf6 31. Be4 N8d7 32. Rha1 h4
33. g4 Nb6 34. c4 Kb7 35. b3 Nbd7 36. Kf2 Kb6 37. Kg2 a5 38. Kh3 Ra7 39.
Nb1 Rha8 40. Nc3 Kb7 41. Kg2 Ne8 42. Nd1 Nb6 43. Nf2 a4 44. Bc2 axb3 45.
Rxa7+ Rxa7 46. Rxa7+ Kxa7 47. Bxb3 Nf6 48. Nh3 Nh7 49. f6 e4 50. f7 Nd7 51.
Bc2 exf3+ 52. Kxf3 Ne5+ 53. Ke2 Nf8 54. Nxg5 Nxg4 55. Ne6 Nd7 56. Ba4 Nge5
57. Bxd7 Nxd7 58. f8=Q Nxf8 59. Nxf8 Kb6 60. Nd7+ Ka5 61. Kf3 Kb4 62. Nb6
Kc3 1-0

[Event "Landsturneringen 2023"]
[Site "Vallhall, Oslo"]
[Date "2023.07.07"]
[Round "8"]
[White "Machlik, Monika"]
[Black "Kolås, Tore"]
[Result "0-1"]
[WhiteElo "2119"]
[BlackElo "2141"]
[TimeControl "40/5400+30:1800+30"]
[BlackFideId "1502050"]
[WhiteFideId "1513621"]

1. d4 d5 2. c4 e6 3. Nc3 Nf6 4. cxd5 exd5 5. Bg5 Bb4 6. e3 h6 7. Bh4 g5 8.
Bg3 Ne4 9. a3 Bxc3+ 10. bxc3 h5 11. f3 Nxg3 12. hxg3 Qe7 13. Kf2 h4 14.
gxh4 gxh4 15. Bd3 Nd7 16. Ne2 Nb6 17. Nf4 Qg5 18. Qe2 Bd7 19. Nh3 Qg3+ 20.
Kf1 O-O-O 21. Qf2 Qd6 22. Nf4 Qf6 23. Qc2 Ba4 24. Qe2 Rde8 25. Re1 Bd7 26.
Qc2 Kb8 27. Qf2 Reg8 28. Rc1 a6 29. Rb1 Bc6 30. Rb2 Ka7 31. Rb1 Re8 32. Re1
Reg8 33. Qa2 Rg3 34. Qf2 Rgg8 35. Qa2 Qg5 36. Qf2 Ba4 37. Qb2 Re8 38. Nh3
Qf6 39. Nf4 Bd7 40. Qc2 Qg5 41. Qf2 Bb5 42. Rh3 Bd7 43. Rh1 Bf5 44. Be2 Qe7
45. c4 Nxc4 46. Bxc4 dxc4 47. e4 Bd7 48. Qa2 Qf6 49. Qd2 Qd6 50. Nd5 f5 51.
Kg1 fxe4 52. fxe4 h3 53. Qf4 Qg6 54. g3 Bc6 55. Nc3 Rhf8 56. Qe3 Qg4 57.
d5+ Kb8 58. Ne2 Bxd5 59. Nf4 Rxe4 60. Nxd5 Rxe3 61. Rxe3 Qd1+ 0-1

[Event "Landsturneringen 2023"]
[Site "Vallhall, Oslo"]
[Date "2023.07.08"]
[Round "9"]
[White "Grave, Jacob Templen"]
[Black "Moen, Andreas G.R."]
[Result "1/2-1/2"]
[WhiteTitle "CM"]
[BlackTitle "IM"]
[WhiteElo "2255"]
[BlackElo "2287"]
[TimeControl "40/5400+30:1800+30"]
[BlackFideId "1501453"]
[WhiteFideId "1542656"]

1. d4 Nf6 2. c4 e6 3. g3 Bb4+ 4. Nd2 O-O 5. Bg2 d5 6. Nf3 b6 7. a3 Bxd2+ 8.
Bxd2 Bb7 9. Rc1 dxc4 10. Rxc4 Nbd7 11. O-O Bd5 12. Rc1 c5 13. dxc5 Nxc5 14.
Bb4 Rc8 15. Ne5 Bxg2 16. Kxg2 Qe7 17. Nd3 1/2-1/2

[Event "Landsturneringen 2023"]
[Site "Vallhall, Oslo"]
[Date "2023.07.08"]
[Round "9"]
[White "Roulet-Dubonnet, Emerik Våpenstad"]
[Black "Myagmarsuren, Evsuld"]
[Result "1-0"]
[WhiteTitle "FM"]
[WhiteElo "2197"]
[BlackElo "2184"]
[TimeControl "40/5400+30:1800+30"]
[BlackFideId "1551639"]
[WhiteFideId "1539477"]

1. d4 d5 2. c4 c6 3. cxd5 cxd5 4. Nf3 Nf6 5. Nc3 Nc6 6. Bf4 Bf5 7. e3 e6 8.
Qb3 Bb4 9. Ne5 O-O 10. Nxc6 Bxc3+ 11. Qxc3 bxc6 12. Qa3 Re8 13. Be2 Qd7 14.
O-O Red8 15. Rfc1 Ne4 16. Qa4 g5 17. Bg3 Nxg3 18. hxg3 Rdc8 19. Rc5 Rab8
20. b3 f6 21. Rac1 Rb6 22. Bb5 Qe7 23. Bxc6 Rbb8 24. Bd7 Rxc5 25. dxc5 Rb7
26. c6 Rc7 27. Qb5 Qd6 28. Qc5 Qxc5 29. Rxc5 Kf8 30. Rb5 Ke7 31. Rb8 Bg6
32. b4 e5 33. Kf1 d4 34. exd4 exd4 35. Ke2 Kd6 36. b5 Be4 37. f3 Bd5 38. a4
Kc5 39. Kd2 Kb4 40. Kd3 Kc5 41. Kd2 Kb4 42. a5 Kxa5 43. Kd3 g4 44. Kxd4
gxf3 45. gxf3 Bxf3 46. Kc5 a6 47. b6 f5 48. bxc7 1-0

[Event "Landsturneringen 2023"]
[Site "Vallhall, Oslo"]
[Date "2023.07.08"]
[Round "9"]
[White "Hølleland, Sigve"]
[Black "Tryggestad, Andreas G"]
[Result "0-1"]
[BlackTitle "FM"]
[WhiteElo "2154"]
[BlackElo "2200"]
[TimeControl "40/5400+30:1800+30"]
[BlackFideId "1513338"]
[WhiteFideId "1513672"]

1. e4 e5 2. Nf3 Nc6 3. Bc4 Nf6 4. d3 Bc5 5. Bg5 h6 6. Bh4 d6 7. Nbd2 Na5 8.
Bb3 Nxb3 9. axb3 a6 10. c3 Ba7 11. d4 exd4 12. cxd4 g5 13. Bg3 g4 14. Nh4
Bxd4 15. Nc4 Bc5 16. O-O Nxe4 17. b4 Ba7 18. Re1 d5 19. Ne5 Nxf2 20. Bxf2
Bxf2+ 21. Kxf2 Qxh4+ 22. Kg1 O-O 23. Qxd5 c6 24. Qd6 Rd8 25. Qc7 Be6 26.
Rf1 g3 27. hxg3 Qd4+ 28. Kh2 Rac8 29. Qxb7 Qxe5 30. Qxa6 Rd2 31. Rf3 Qe2
0-1

[Event "Landsturneringen 2023"]
[Site "Vallhall, Oslo"]
[Date "2023.07.08"]
[Round "9"]
[White "Brattgjerd, Isak Vinh"]
[Black "Hole, Øystein"]
[Result "1/2-1/2"]
[BlackTitle "IM"]
[WhiteElo "2185"]
[BlackElo "2267"]
[TimeControl "40/5400+30:1800+30"]
[BlackFideId "1501526"]
[WhiteFideId "1549880"]

1. e4 c6 2. d4 d5 3. e5 c5 4. dxc5 e6 5. c3 Bxc5 6. Qg4 Bf8 7. Nf3 Nc6 8.
Bd3 Nge7 9. O-O Ng6 10. Re1 Be7 11. b4 a6 12. Nbd2 O-O 13. Nb3 f5 14. Qg3
Qc7 15. Bf4 Bd7 16. Rac1 Rac8 17. h4 Nxf4 18. Qxf4 Qb6 19. a3 Na7 20. c4
dxc4 21. Bxc4 Bb5 22. Qd4 Rc6 23. Qxb6 Rxb6 24. Nc5 Bxc4 25. Rxc4 Rc8 26.
Rd1 Bxc5 27. Rxc5 Rbc6 28. Rxc6 Nxc6 29. Rd7 Rb8 30. Kf1 h6 31. h5 f4 32.
Ke2 Rf8 33. Kd3 Rf7 34. Rd6 Rf5 35. Ke4 Rxh5 36. Rxe6 Rh1 37. Rd6 Ra1 38.
Rd7 Rxa3 39. Rxb7 Ra4 40. Kd5 Nxb4+ 41. Kd6 Nd3 42. e6 Nxf2 43. Rb8+ Kh7
44. e7 Ne4+ 45. Ke6 Nf6 46. Rf8 Rb4 47. Ne5 Rb7 48. Ng4 Rxe7+ 49. Kxe7 Nxg4
50. Rxf4 Ne3 51. Kf7 h5 52. g3 Kh6 53. Ra4 Kg5 54. Rxa6 Kg4 55. Rg6+ Kf3
56. Rg5 Ng4 57. Kg6 Nf6 58. Kxg7 Ne4 59. Rxh5 Nxg3 60. Ra5 Kf4 61. Kg6 Ne4
62. Rf5+ Ke3 63. Rb5 Kd4 64. Rb4+ Ke5 65. Ra4 Kd5 66. Kf5 Nd6+ 67. Kf4 Nc4
68. Rb4 Nd6 69. Ke3 Nc4+ 70. Kd3 Ne5+ 71. Kc3 Kc5 72. Rd4 Nc6 73. Rd2 Ne5
74. Kc2 Kc4 75. Kd1 Nf3 76. Rd8 Nd4 77. Kd2 Nb3+ 78. Ke3 Nc5 79. Rd4+ Kb5
80. Rd5 Kc4 81. Rd1 Nb3 82. Rd6 Nc5 83. Kf4 Nd3+ 84. Ke3 Nc5 85. Rd4+ Kb5
86. Kf3 Kc6 87. Kg4 Ne6 88. Rd1 Kc5 89. Kf5 Nd4+ 90. Ke4 Nc6 91. Rd5+ Kc4
92. Rd6 Kc5 93. Rd7 Kc4 94. Rc7 Kc5 95. Rb7 Kd6 96. Rb5 Ne7 97. Re5 Nc6 98.
Rd5+ Ke6 99. Rd1 Ne7 100. Rg1 Kd6 101. Rc1 Nc6 102. Rc3 Ne7 103. Rd3+ Ke6
104. Rd8 Nc6 105. Rd5 Ne7 106. Rc5 Kd6 107. Kd4 Nc6+ 108. Kc4 Ne5+ 109.
Rxe5 1/2-1/2

[Event "Landsturneringen 2023"]
[Site "Vallhall, Oslo"]
[Date "2023.07.08"]
[Round "9"]
[White "Martinsen, Stig K"]
[Black "Nettleton, Charlie"]
[Result "1-0"]
[WhiteElo "2172"]
[BlackElo "2090"]
[TimeControl "40/5400+30:1800+30"]
[BlackFideId "419710"]
[WhiteFideId "1502824"]

1. d4 g6 2. e4 Bg7 3. c4 c5 4. d5 d6 5. Ne2 a6 6. a4 e6 7. Nbc3 Ne7 8. Bg5
h6 9. Be3 exd5 10. cxd5 Nd7 11. Ng3 Qb6 12. Qc2 Ne5 13. a5 Qc7 14. h3 f5
15. f4 O-O 16. fxe5 f4 17. Bf2 fxg3 18. Bxg3 Bxe5 19. Bxe5 dxe5 20. Qd2 Qd6
21. Qxh6 Bd7 22. Bc4 Bb5 23. Bxb5 axb5 24. Nxb5 Qa6 25. Nc3 Qd3 26. Rd1
Qg3+ 27. Kd2 Rf2+ 28. Kc1 Qxg2 29. Rdg1 Qf3 30. Nd1 Re2 31. Nc3 Rg2 32.
Rxg2 Qxg2 33. Re1 Rxa5 34. Kb1 b5 35. d6 Nc6 36. Nd5 Ra7 37. Nf6+ Kf7 38.
Ng4 Ra2 39. Qh7+ Kf8 40. Qh8+ Kf7 41. Nh6+ Ke6 1-0

[Event "Landsturneringen 2023"]
[Site "Vallhall, Oslo"]
[Date "2023.07.08"]
[Round "9"]
[White "Unneland, Mathias"]
[Black "Lindbøl, Aleksander"]
[Result "0-1"]
[WhiteTitle "FM"]
[WhiteElo "2158"]
[BlackElo "2234"]
[TimeControl "40/5400+30:1800+30"]
[BlackFideId "1520644"]
[WhiteFideId "1525581"]

1. d4 d5 2. c4 c6 3. Nf3 Nf6 4. Nc3 dxc4 5. a4 Bf5 6. Ne5 Nbd7 7. Nxc4 Qc7
8. g3 e5 9. dxe5 Nxe5 10. Bf4 Nfd7 11. Bg2 g5 12. Ne3 gxf4 13. Nxf5 fxg3
14. hxg3 O-O-O 15. Qc2 Kb8 16. O-O-O Bb4 17. Kb1 a5 18. Na2 Qb6 19. e3 Nf6
20. Nxb4 Qxb4 21. Rh4 Nfg4 22. Rhh1 Nc4 23. Ka2 Nxf2 24. Rd4 Rxd4 25. exd4
Nxh1 26. Bxh1 Re8 27. d5 Re1 28. dxc6 Rxh1 29. c7+ Kxc7 30. Ne3 Qxb2+ 0-1

[Event "Landsturneringen 2023"]
[Site "Vallhall, Oslo"]
[Date "2023.07.08"]
[Round "9"]
[White "Røyset, Pål Nikolai"]
[Black "Blauhut, Holger"]
[Result "0-1"]
[WhiteTitle "CM"]
[BlackTitle "CM"]
[WhiteElo "2165"]
[BlackElo "2054"]
[TimeControl "40/5400+30:1800+30"]
[BlackFideId "24665177"]
[WhiteFideId "1501330"]

1. d4 d5 2. Bf4 Nf6 3. e3 c5 4. c3 Nc6 5. Nd2 Bf5 6. Ngf3 Qb6 7. Qb3 e6 8.
Bb5 c4 9. Qa4 Nh5 10. Ne5 Rc8 11. b3 Nxf4 12. exf4 f6 13. Nxc6 bxc6 14. Ba6
Rc7 15. O-O cxb3 16. axb3 Bd6 17. g3 O-O 18. b4 e5 19. Nf3 Be4 20. fxe5
fxe5 21. dxe5 Rxf3 22. exd6 Rcf7 23. Ra2 Rxc3 24. Bc8 Rf6 25. Qxa7 Qxa7 26.
Rxa7 Rxd6 27. Re1 h5 28. h4 Rd8 29. Be6+ Kh7 30. Rb7 Rf8 31. Rf7 Rxf7 32.
Bxf7 Bf3 33. Be6 Rb3 34. Bf5+ g6 35. Rb1 Rc3 36. Bh3 Be4 37. Re1 Rc4 38.
Bd7 Bf3 39. b5 c5 40. Bc6 Rb4 41. Kh2 Be4 42. Re3 c4 43. Ra3 Rb3 44. Ra7+
Kh6 45. Bd7 c3 46. Rc7 c2 47. g4 hxg4 0-1

[Event "Landsturneringen 2023"]
[Site "Vallhall, Oslo"]
[Date "2023.07.08"]
[Round "9"]
[White "Johnson, Daniel"]
[Black "Dahl, Max"]
[Result "1/2-1/2"]
[WhiteElo "2224"]
[BlackElo "2169"]
[TimeControl "40/5400+30:1800+30"]
[BlackFideId "1526626"]
[WhiteFideId "1721283"]

1. Nf3 d5 2. b3 Bg4 3. Bb2 e6 4. g3 Nf6 5. Bg2 Be7 6. O-O O-O 7. c4 c6 8.
d3 Nbd7 9. Nbd2 a5 10. a3 Qc7 11. Re1 Rad8 12. h3 Bh5 13. Ra2 Rfe8 14. Qa1
Bd6 15. Rc1 Qb8 16. Bc3 Qa7 17. b4 a4 18. c5 Bc7 19. g4 Bg6 20. Ne5 Nxe5
21. Bxe5 Bxe5 22. Qxe5 Nd7 23. Qg3 e5 24. h4 f6 25. Rb2 Bf7 26. Nf3 Kh8 27.
h5 h6 28. Nh4 Be6 29. e4 Nf8 30. Kh2 Nh7 31. b5 Ng5 32. bxc6 bxc6 33. Rb6
dxe4 34. dxe4 Qd7 35. f3 Qd3 36. Rxc6 Qxa3 37. Qe1 Rc8 38. Ra6 Rxc5 39.
Rxc5 Qxc5 40. Rxa4 Qc2 41. Ra3 Rb8 42. Kg3 Kh7 43. Qf2 Qb1 44. Ra7 Rb2 45.
Qf1 Qc2 46. Ng6 Qc5 47. Ra8 Bc8 48. Qe1 Rc2 49. Qf1 Ne6 50. Ra1 Nf4 51.
Nxf4 exf4+ 52. Kh2 Bb7 53. Rb1 Bc6 54. Rd1 Qg5 55. Kg1 Qe5 56. Qd3 Qc5+ 57.
Qd4 Qb5 58. Bf1 Qc5 1/2-1/2